Workbook

Sheet MEDIÇÃO 7
A1: PREFEITURA MUNICIPAL DE SO ROQUE DO CANA Estado do Esprito Santo SECRETARIA MUNICIPAL DE OBRAS E SERVIÇOS URBANOS – SETOR DE ENGENHARIA
A13: BOLETIM DE | F13: =I18 -> MEDIÇÃO 07 | K13: DATA: 08/07/2025
A14: OBRA: CONSTRUÇÃO, REFORMA, MELHORIA, ADEQUAÇÃO E AMPLIAÇÃO DA PONTE SOBRE O RIO SANTA MARIA DO DOCE COM CABEÇAS E TABULEIRO EM CONCRETO ARMADO, CORTADA PELA VIA ES-080 | D14: CONTRATO Nº: | F14: 136/2024 | H14: Assinatura: 05/11/2024 | K14: INÍCIO: | M14: 45628
K15: TÉRMINO: | M15: 46108
A16: LOCAL: DISTRITO SEDE - SÃO ROQUE DO CANAÃ | D16: PERÍODO: | F16: 45809 | H16: a | I16: 45838 | K16: PRAZO: | M16: 480 DIAS | W16: item | X16: sem reajuste | Y16: com reajuste | Z16: reajustado
A17: EMPREITEIRA: AMF ENGENHARIA E SERVIÇOS LTDA | F17: =I18 -> MEDIÇÃO 07 | I17: =L124 -> 323407.23 | K17: % MÊS: | L17: =I124 -> 0.081594539 | M17: % ACUM: | N17: =I125 -> 0.43089401 | W17: 1 | X17: =SUM(O21:O22) -> 0 | Y17: =SUM(P21:P22) -> 0 | Z17: =Y17-X17 -> 0
A18: ITEM | B18: ESPECIFICAÇÃO | C18: UNID. | D18: QUANT. | E18: PREÇO UNIT R$ | F18: ACUMULADO ANTERIOR | I18: MEDIÇÃO 07 | L18: TOTAL MEDIDO | W18: 2 | X18: =SUM(O24:O43) -> 0 | Y18: =SUM(P24:P43) -> 0 | Z18: =Y18-X18 -> 0
F19: QUANT. | G19: TOTAL | H19: % | I19: QUANT. | J19: TOTAL | K19: % | L19: QUANT. | M19: TOTAL | N19: % | W19: 3 | X19: =SUM(O46:O76) -> 0 | Y19: =SUM(P46:P76) -> 0 | Z19: =Y19-X19 -> 0
A20: 1 | B20: SERVIÇOS PRELIMINARES | J20: =SUM(J21:J22) -> 0 | M20: =SUM(M21:M22) -> 215776.27 | W20: 4 | X20: =SUM(O78:O93) -> 0 | Y20: =SUM(P78:P93) -> 0 | Z20: =Y20-X20 -> 0
A21: 1.1 | B21: PROJETO ESTRUTURAL FINAL DE ENGENHARIA DE OBRAS-DE-ARTE ESPECIAIS (PONTES,VIADUTOS E PASSARELAS) EM CONCRETO ARMADO E/OU PROTENDIDO OU ESTRUTURA DE ACO,COM AREA DE PROJECAO HORIZONTAL DE 501 ATE 5.000M2,APRESENTADO NOS PADROES DA CONTRATANTEObservacao: 9% - DESPESAS ADMINISTRATIVAS E DE MATERIAIS | C21: M2 | D21: 803.43 | E21: 153.97332 | F21: 803.43 | G21: =F21*E21 -> 123706.78 | H21: =F21/D21 -> 1 | J21: =I21*E21 -> 0 | K21: =I21/D21 -> 0 | L21: =F21+I21 -> 803.43 | M21: =G21+J21 -> 123706.78 | N21: =H21+K21 -> 1 | W21: 5 | X21: =SUM(O95:O107) -> 0 | Y21: =SUM(P95:P107) -> 0 | Z21: =Y21-X21 -> 0
A22: 1.2 | B22: Inspeção das fundações da ponte | C22: Und | D22: 2 | E22: 46034.746 | F22: 2 | G22: =F22*E22 -> 92069.492 | H22: =F22/D22 -> 1 | J22: =I22*E22 -> 0 | K22: =I22/D22 -> 0 | L22: =F22+I22 -> 2 | M22: =G22+J22 -> 92069.492 | N22: =H22+K22 -> 1 | W22: 6 | X22: =SUM(O110:O118) -> 0 | Y22: =SUM(P110:P118) -> 0 | Z22: =Y22-X22 -> 0
A23: 2 | B23: CANTEIRO DE OBRA | J23: =SUM(J24:J43) -> 5339.5975 | M23: =SUM(M24:M43) -> 356583.53 | W23: 7 | X23: =SUM(O120) -> 0 | Y23: =SUM(P120) -> 0 | Z23: =Y23-X23 -> 0
A24: 2.1 | B24: Limpeza, desmatamento e destocamento de árvores com diâmetro até 15 cm, com trator de esteira | C24: m² | D24: 682.5 | E24: 0.65248289 | F24: 682.5 | G24: =F24*E24 -> 445.31957 | H24: =F24/D24 -> 1 | J24: =I24*E24 -> 0 | K24: =I24/D24 -> 0 | L24: =F24+I24 -> 682.5 | M24: =G24+J24 -> 445.31957 | N24: =H24+K24 -> 1 | X24: =SUM(X17:X23) -> 0 | Y24: =SUM(Y17:Y23) -> 0 | Z24: =Y24-X24 -> 0
A25: 2.2 | B25: Hidrossemeadura simples em terrenos planos | C25: m² | D25: 682.5 | E25: 6.6823248 | F25: 0 | G25: =F25*E25 -> 0 | H25: =F25/D25 -> 0 | J25: =I25*E25 -> 0 | K25: =I25/D25 -> 0 | L25: =F25+I25 -> 0 | M25: =G25+J25 -> 0 | N25: =H25+K25 -> 0
A26: 2.3 | B26: Aluguel de container p/ escritório c/ ar condicionado e banheiro, isolam.térmico e acústico, 2 luminárias, janela de vidro, tomada p/ comput. e telef. | C26: Mes | D26: 16 | E26: 914.69852 | F26: 6 | G26: =F26*E26 -> 5488.1911 | H26: =F26/D26 -> 0.375 | I26: 1 | J26: =I26*E26 -> 914.69852 | K26: =I26/D26 -> 0.0625 | L26: =F26+I26 -> 7 | M26: =G26+J26 -> 6402.8896 | N26: =H26+K26 -> 0.4375
A27: 2.4 | B27: Aluguel de container para almoxarifado | C27: Mes | D27: 32 | E27: 614.34639 | F27: 12 | G27: =F27*E27 -> 7372.1567 | H27: =F27/D27 -> 0.375 | I27: 2 | J27: =I27*E27 -> 1228.6928 | K27: =I27/D27 -> 0.0625 | L27: =F27+I27 -> 14 | M27: =G27+J27 -> 8600.8495 | N27: =H27+K27 -> 0.4375
A28: 2.5 | B28: Aluguel de container tipo refeitório (2 unidades acopladas), c/ 2 aparelhos de ar condicionado, 4 lumináriase 4 janelas de vidro | C28: Mes | D28: 16 | E28: 1649.5143 | F28: 6 | G28: =F28*E28 -> 9897.0855 | H28: =F28/D28 -> 0.375 | I28: 1 | J28: =I28*E28 -> 1649.5143 | K28: =I28/D28 -> 0.0625 | L28: =F28+I28 -> 7 | M28: =G28+J28 -> 11546.6 | N28: =H28+K28 -> 0.4375
A29: 2.6 | B29: Aluguel de container tipo vestiário, 2 luminárias, piso especial e janela | C29: Mes | D29: 16 | E29: 687.48448 | F29: 6 | G29: =F29*E29 -> 4124.9069 | H29: =F29/D29 -> 0.375 | I29: 1 | J29: =I29*E29 -> 687.48448 | K29: =I29/D29 -> 0.0625 | L29: =F29+I29 -> 7 | M29: =G29+J29 -> 4812.3913 | N29: =H29+K29 -> 0.4375
A30: 2.7 | B30: Aluguel de container tipo sanitário com 3 vasos sanitários, lavatório, mictório, 5 chuveiros, 2 venezianas e piso especial | C30: Mes | D30: 16 | E30: 859.20747 | F30: 6 | G30: =F30*E30 -> 5155.2448 | H30: =F30/D30 -> 0.375 | I30: 1 | J30: =I30*E30 -> 859.20747 | K30: =I30/D30 -> 0.0625 | L30: =F30+I30 -> 7 | M30: =G30+J30 -> 6014.4523 | N30: =H30+K30 -> 0.4375
A31: 2.8 | B31: Barracão em chapa compensada 12mm e pont. 8x8cm, piso cimentado e cobertura de telhas fibrocimento 6mm, incl. ponto de luz | C31: m² | D31: 215 | E31: 570.04505 | F31: 215 | G31: =F31*E31 -> 122559.69 | H31: =F31/D31 -> 1 | J31: =I31*E31 -> 0 | K31: =I31/D31 -> 0 | L31: =F31+I31 -> 215 | M31: =G31+J31 -> 122559.69 | N31: =H31+K31 -> 1
A32: 2.9 | B32: Galpão em peças de madeira 8x8cm e contravent. de 5x7cm, cobertura de telhas de fibroc. de 6mm, incl. ponto e cabo de alimentação da máquina | C32: m² | D32: 70 | E32: 288.29994 | F32: 70 | G32: =F32*E32 -> 20180.996 | H32: =F32/D32 -> 1 | J32: =I32*E32 -> 0 | K32: =I32/D32 -> 0 | L32: =F32+I32 -> 70 | M32: =G32+J32 -> 20180.996 | N32: =H32+K32 -> 1
A33: 2.10 | B33: Galpão para corte e armação com área de 6.00m2, em peças de madeira 8x8cm e contraventamento de 5x7cm, cobertura de telhas de fibroc. de 6mm, inclusive ponto e cabo de alimentação da máquina, conf. projeto (1 utilização) | C33: m² | D33: 105 | E33: 288.30227 | F33: 105 | G33: =F33*E33 -> 30271.738 | H33: =F33/D33 -> 1 | J33: =I33*E33 -> 0 | K33: =I33/D33 -> 0 | L33: =F33+I33 -> 105 | M33: =G33+J33 -> 30271.738 | N33: =H33+K33 -> 1
A34: 2.11 | B34: Rede de água c/ padrão de entrada d'água diâm. 3/4" conf. CESAN, incl. tubos e conexões p/ aliment., distrib., extravas. e limp., cons. o padrão a 25m | C34: m | D34: 125 | E34: 49.19121 | F34: 125 | G34: =F34*E34 -> 6148.9013 | H34: =F34/D34 -> 1 | J34: =I34*E34 -> 0 | K34: =I34/D34 -> 0 | L34: =F34+I34 -> 125 | M34: =G34+J34 -> 6148.9013 | N34: =H34+K34 -> 1
A35: 2.12 | B35: Rede de esgoto, contendo fossa e filtro, incl. tubos e conexões de ligação entre caixas, considerando distância de 25m | C35: m | D35: 125 | E35: 357.11064 | F35: 125 | G35: =F35*E35 -> 44638.83 | H35: =F35/D35 -> 1 | J35: =I35*E35 -> 0 | K35: =I35/D35 -> 0 | L35: =F35+I35 -> 125 | M35: =G35+J35 -> 44638.83 | N35: =H35+K35 -> 1
A36: 2.13 | B36: Rede de luz, incl. padrão entr. energia trifás. cabo ligação até barracões, quadro distrib., disj. e chave de força, cons. 20m entre padrão entr.e QDG | C36: m | D36: 125 | E36: 456.66303 | F36: 125 | G36: =F36*E36 -> 57082.878 | H36: =F36/D36 -> 1 | J36: =I36*E36 -> 0 | K36: =I36/D36 -> 0 | L36: =F36+I36 -> 125 | M36: =G36+J36 -> 57082.878 | N36: =H36+K36 -> 1
A37: 2.14 | B37: Reservatório de fibra de vidro de 1000 L, incl. suporte em madeira de 7x12cm, elevado de 4m | C37: UND | D37: 2 | E37: 2606.8867 | F37: 2 | G37: =F37*E37 -> 5213.7733 | H37: =F37/D37 -> 1 | J37: =I37*E37 -> 0 | K37: =I37/D37 -> 0 | L37: =F37+I37 -> 2 | M37: =G37+J37 -> 5213.7733 | N37: =H37+K37 -> 1
A38: 2.15 | B38: Sistema separador de água e óleo | C38: UND | D38: 1 | E38: 6083.1205 | F38: 1 | G38: =F38*E38 -> 6083.1205 | H38: =F38/D38 -> 1 | J38: =I38*E38 -> 0 | K38: =I38/D38 -> 0 | L38: =F38+I38 -> 1 | M38: =G38+J38 -> 6083.1205 | N38: =H38+K38 -> 1
A39: 2.16 | B39: Canaleta de concreto retangular com grelha em barra de aço | C39: m | D39: 30 | E39: 172.68297 | F39: 0 | G39: =F39*E39 -> 0 | H39: =F39/D39 -> 0 | J39: =I39*E39 -> 0 | K39: =I39/D39 -> 0 | L39: =F39+I39 -> 0 | M39: =G39+J39 -> 0 | N39: =H39+K39 -> 0
A40: 2.17 | B40: Cerca de arame farpado 4 fios com mourões a cada 2,0 m, esticadores de madeira, a cada 20,0 m, inclusive transporte de mourão e arame farpado) | C40: m | D40: 400 | E40: 19.319493 | F40: 400 | G40: =F40*E40 -> 7727.7974 | H40: =F40/D40 -> 1 | J40: =I40*E40 -> 0 | K40: =I40/D40 -> 0 | L40: =F40+I40 -> 400 | M40: =G40+J40 -> 7727.7974 | N40: =H40+K40 -> 1
A41: 2.18 | B41: Placa de obra nas dimensões de 3,0 x 6,0 m, padrão DER-ES | C41: m² | D41: 38 | E41: 223.93663 | F41: 38 | G41: =F41*E41 -> 8509.5919 | H41: =F41/D41 -> 1 | J41: =I41*E41 -> 0 | K41: =I41/D41 -> 0 | L41: =F41+I41 -> 38 | M41: =G41+J41 -> 8509.5919 | N41: =H41+K41 -> 1
A42: 2.19 | B42: Pó de pedra inclusive fornecimento, espalhamento e transporte | C42: m³ | D42: 52.5 | E42: 62.255868 | F42: 52.5 | G42: =F42*E42 -> 3268.4331 | H42: =F42/D42 -> 1 | J42: =I42*E42 -> 0 | K42: =I42/D42 -> 0 | L42: =F42+I42 -> 52.5 | M42: =G42+J42 -> 3268.4331 | N42: =H42+K42 -> 1
A43: 2.20 | B43: Mobilização e desmobilização de container de 51 km até 150 km | C43: Ud | D43: 10 | E43: 1415.0554 | F43: 5 | G43: =F43*E43 -> 7075.277 | H43: =F43/D43 -> 0.5 | J43: =I43*E43 -> 0 | K43: =I43/D43 -> 0 | L43: =F43+I43 -> 5 | M43: =G43+J43 -> 7075.277 | N43: =H43+K43 -> 0.5
A44: 3 | B44: SUPERESTRUTURA PONTE OAE | J44: =SUM(J46:J76) -> 296938.4 | M44: =SUM(M46:M76) -> 859228.55
A45: 3.1 | B45: DEMOLIÇÃO DA PASSARELA/RECUPERAÇÃO DAS ARMADURAS REMANESCENTES
A46: 3.1.1 | B46: DEMOLICAO E REMOCAO DE ESTRUTURAS METALICAS TRELICADAS DE VERGALHOES E/OU PERFIS LEVES DE ACO,MEDIDAS PELO PESO REMOVIDO Observacao: 3%-DESGASTE DE FERRAMENTAS E EPI | C46: kg | D46: 42173.177 | E46: 2.9780999 | F46: 42173.177 | G46: =F46*E46 -> 125595.93 | H46: =F46/D46 -> 1 | J46: =I46*E46 -> 0 | K46: =I46/D46 -> 0 | L46: =F46+I46 -> 42173.177 | M46: =G46+J46 -> 125595.93 | N46: =H46+K46 -> 1
A47: 3.1.2 | B47: Demolição de concreto armado | C47: m³ | D47: 37.65796 | E47: 556.99717 | F47: 37.65796 | G47: =F47*E47 -> 20975.377 | H47: =F47/D47 -> 1 | J47: =I47*E47 -> 0 | K47: =I47/D47 -> 0 | L47: =F47+I47 -> 37.65796 | M47: =G47+J47 -> 20975.377 | N47: =H47+K47 -> 1
A48: 3.1.3 | B48: CORTE COM MACARICO MANUAL DE OXIACETILENO,EM CHAPA DE ACO NA ESPESSURA DE 1/2" Observacao: 3%-DESGASTE DE FERRAMENTAS E EPI | C48: m | D48: 199.08 | E48: 12.717042 | F48: 199.08 | G48: =F48*E48 -> 2531.7086 | H48: =F48/D48 -> 1 | J48: =I48*E48 -> 0 | K48: =I48/D48 -> 0 | L48: =F48+I48 -> 199.08 | M48: =G48+J48 -> 2531.7086 | N48: =H48+K48 -> 1
A49: 3.1.4 | B49: Corte em concreto com discos diamantados para pisos e lajes profundidade de corte 5 cm | C49: m | D49: 313.656 | E49: 27.921999 | F49: 313.656 | G49: =F49*E49 -> 8757.9025 | H49: =F49/D49 -> 1 | J49: =I49*E49 -> 0 | K49: =I49/D49 -> 0 | L49: =F49+I49 -> 313.656 | M49: =G49+J49 -> 8757.9025 | N49: =H49+K49 -> 1
A50: 3.1.5 | B50: Limpeza de aço com lixamento e escovação com escova de aço, até a completa remoção de partículas soltas, materiais indesejáveis e corrosão | C50: m² | D50: 72.6852 | E50: 21.993545 | F50: 72.6852 | G50: =F50*E50 -> 1598.6052 | H50: =F50/D50 -> 1 | J50: =I50*E50 -> 0 | K50: =I50/D50 -> 0 | L50: =F50+I50 -> 72.6852 | M50: =G50+J50 -> 1598.6052 | N50: =H50+K50 -> 1
A51: 3.1.6 | B51: Recuperação estrutural com uso de argamassa polimérica (espessura média=3,5 cm) | C51: m² | D51: 72.6852 | E51: 339.86109 | F51: 72.6852 | G51: =F51*E51 -> 24702.871 | H51: =F51/D51 -> 1 | J51: =I51*E51 -> 0 | K51: =I51/D51 -> 0 | L51: =F51+I51 -> 72.6852 | M51: =G51+J51 -> 24702.871 | N51: =H51+K51 -> 1
A52: 3.1.7 | B52: Caixa coletora concreto armado H= 2,00 m, inclusive escavação | C52: und | D52: 4 | E52: 4684.6922 | F52: 4 | G52: =F52*E52 -> 18738.769 | H52: =F52/D52 -> 1 | J52: =I52*E52 -> 0 | K52: =I52/D52 -> 0 | L52: =F52+I52 -> 4 | M52: =G52+J52 -> 18738.769 | N52: =H52+K52 -> 1
A53: 3.1.8 | B53: Mobilização e desmobilização de caminhão basculante (máximo) | C53: h | D53: 120 | E53: 303.71954 | F53: 120 | G53: =F53*E53 -> 36446.344 | H53: =F53/D53 -> 1 | J53: =I53*E53 -> 0 | K53: =I53/D53 -> 0 | L53: =F53+I53 -> 120 | M53: =G53+J53 -> 36446.344 | N53: =H53+K53 -> 1
A54: 3.2 | B54: RETIRADA DO ASFALTO E SOLO/INSERÇÃO DOS PERFIS E TAMPONAMENTO COM PÓ DE BRITA
A55: 3.2.1 | B55: Remoção manual de revestimento asfáltico | C55: m³ | D55: 40.3095 | E55: 320.32147 | F55: 21 | G55: =F55*E55 -> 6726.7508 | H55: =F55/D55 -> 0.520969 | I55: 10 | J55: =I55*E55 -> 3203.2147 | K55: =I55/D55 -> 0.24808048 | L55: =F55+I55 -> 31 | M55: =G55+J55 -> 9929.9655 | N55: =H55+K55 -> 0.76904948
A56: 3.2.2 | B56: Escavação, carga e transporte de material de 1º categoria | C56: m³ | D56: 1084.275 | E56: 13.454647 | F56: 580 | G56: =F56*E56 -> 7803.6954 | H56: =F56/D56 -> 0.53491965 | I56: 250 | J56: =I56*E56 -> 3363.6618 | K56: =I56/D56 -> 0.23056881 | L56: =F56+I56 -> 830 | M56: =G56+J56 -> 11167.357 | N56: =H56+K56 -> 0.76548846
A57: 3.2.3 | B57: Viga metálica em perfil laminado ou soldado em aço estrutural, com conexões parafusadas, inclusos mão de obra, transporte e içamento utilizando guindaste - fornecimento e instalação | C57: kg | D57: 24198.29 | E57: 18.136813 | F57: 16000 | G57: =F57*E57 -> 290189.02 | H57: =F57/D57 -> 0.66120375 | I57: 2500 | J57: =I57*E57 -> 45342.034 | K57: =I57/D57 -> 0.10331309 | L57: =F57+I57 -> 18500 | M57: =G57+J57 -> 335531.05 | N57: =H57+K57 -> 0.76451683
A58: 3.2.4 | B58: Solda com maçarico oxiacetileno de chapas de aço de 12,5 mm | C58: m | D58: 81.84 | E58: 174.26509 | F58: 0 | G58: =F58*E58 -> 0 | H58: =F58/D58 -> 0 | I58: 60 | J58: =I58*E58 -> 10455.905 | K58: =I58/D58 -> 0.73313783 | L58: =F58+I58 -> 60 | M58: =G58+J58 -> 10455.905 | N58: =H58+K58 -> 0.73313783
A59: 3.2.5 | B59: Chumbador de expansão controlada por torque para concreto D = 20 mm - fornecimento e instalação | C59: und | D59: 248 | E59: 32.019199 | F59: 0 | G59: =F59*E59 -> 0 | H59: =F59/D59 -> 0 | I59: 180 | J59: =I59*E59 -> 5763.4557 | K59: =I59/D59 -> 0.72580645 | L59: =F59+I59 -> 180 | M59: =G59+J59 -> 5763.4557 | N59: =H59+K59 -> 0.72580645
A60: 3.2.6 | B60: Fornecimento e aplicação de adesivo estrutural à base de resina epóxi | C60: kg | D60: 21.02544 | E60: 56.121461 | F60: 0 | G60: =F60*E60 -> 0 | H60: =F60/D60 -> 0 | I60: 15 | J60: =I60*E60 -> 841.82191 | K60: =I60/D60 -> 0.71342146 | L60: =F60+I60 -> 15 | M60: =G60+J60 -> 841.82191 | N60: =H60+K60 -> 0.71342146
A61: 3.2.7 | B61: Pó de pedra inclusive fornecimento, espalhamento e transporte | C61: m³ | D61: 34.038 | E61: 62.255868 | F61: 0 | G61: =F61*E61 -> 0 | H61: =F61/D61 -> 0 | I61: 25 | J61: =I61*E61 -> 1556.3967 | K61: =I61/D61 -> 0.73447324 | L61: =F61+I61 -> 25 | M61: =G61+J61 -> 1556.3967 | N61: =H61+K61 -> 0.73447324
A62: 3.2.8 | B62: Mobilização e desmobilização de caminhão basculante (máximo) | C62: h | D62: 120 | E62: 303.71954 | F62: 60 | G62: =F62*E62 -> 18223.172 | H62: =F62/D62 -> 0.5 | I62: 30 | J62: =I62*E62 -> 9111.5861 | K62: =I62/D62 -> 0.25 | L62: =F62+I62 -> 90 | M62: =G62+J62 -> 27334.758 | N62: =H62+K62 -> 0.75
A63: 3.3 | B63: EXECUÇÃO DA NOVA SUPERESTRUTURA
A64: 3.3.1 | B64: Placas pré-moldadas para forma de tabuleiro de ponte | C64: m² | D64: 802.3 | E64: 204.87213 | F64: 0 | G64: =F64*E64 -> 0 | H64: =F64/D64 -> 0 | J64: =I64*E64 -> 0 | K64: =I64/D64 -> 0 | L64: =F64+I64 -> 0 | M64: =G64+J64 -> 0 | N64: =H64+K64 -> 0
A65: 3.3.2 | B65: Formas planas de madeirit meso e superestrutura com 1 reaproveitamento esp. = 17 mm, inclusive fornecimento e transporte das madeiras | C65: m² | D65: 294.26 | E65: 105.94972 | F65: 0 | G65: =F65*E65 -> 0 | H65: =F65/D65 -> 0 | J65: =I65*E65 -> 0 | K65: =I65/D65 -> 0 | L65: =F65+I65 -> 0 | M65: =G65+J65 -> 0 | N65: =H65+K65 -> 0
A66: 3.3.3 | B66: Aço CA-50, fornecimento, dobragem e colocação nas formas (preço médio das bitolas) | C66: kg | D66: 23360 | E66: 9.9747385 | F66: 0 | G66: =F66*E66 -> 0 | H66: =F66/D66 -> 0 | J66: =I66*E66 -> 0 | K66: =I66/D66 -> 0 | L66: =F66+I66 -> 0 | M66: =G66+J66 -> 0 | N66: =H66+K66 -> 0
A67: 3.3.4 | B67: Concreto estrutural usinado Fck=40 MPa, tudo incluído, inclusive bombeamento. | C67: m³ | D67: 61.426 | E67: 585.045 | F67: 0 | G67: =F67*E67 -> 0 | H67: =F67/D67 -> 0 | J67: =I67*E67 -> 0 | K67: =I67/D67 -> 0 | L67: =F67+I67 -> 0 | M67: =G67+J67 -> 0 | N67: =H67+K67 -> 0
A68: 3.3.5 | B68: Concreto para bombeamento fck = 40 MPa com adição de critalizante (tabuleiros) | C68: m³ | D68: 176.506 | E68: 598.31137 | F68: 0 | G68: =F68*E68 -> 0 | H68: =F68/D68 -> 0 | J68: =I68*E68 -> 0 | K68: =I68/D68 -> 0 | L68: =F68+I68 -> 0 | M68: =G68+J68 -> 0 | N68: =H68+K68 -> 0
A69: 3.3.6 | B69: Acabamento em concreto fresco (15,0 MPa), para pavimento, inclusive endurecedor químico de superfície | C69: m² | D69: 802.3 | E69: 26.984293 | F69: 0 | G69: =F69*E69 -> 0 | H69: =F69/D69 -> 0 | J69: =I69*E69 -> 0 | K69: =I69/D69 -> 0 | L69: =F69+I69 -> 0 | M69: =G69+J69 -> 0 | N69: =H69+K69 -> 0
A70: 3.3.7 | B70: Aço CA-25, fornecimento, dobragem e colocação nas formas | C70: kg | D70: 79.090909 | E70: 11.662194 | F70: 0 | G70: =F70*E70 -> 0 | H70: =F70/D70 -> 0 | J70: =I70*E70 -> 0 | K70: =I70/D70 -> 0 | L70: =F70+I70 -> 0 | M70: =G70+J70 -> 0 | N70: =H70+K70 -> 0
A71: 3.3.8 | B71: Aplicação de graxa para as barras de transferência | C71: und | D71: 46 | E71: 18.250203 | F71: 0 | G71: =F71*E71 -> 0 | H71: =F71/D71 -> 0 | J71: =I71*E71 -> 0 | K71: =I71/D71 -> 0 | L71: =F71+I71 -> 0 | M71: =G71+J71 -> 0 | N71: =H71+K71 -> 0
A72: 3.3.9 | B72: Junta de dilatação em elastômero e perfil VV - L = 35 mm e H = 60 mm - fornecimento e instalação | C72: m | D72: 45.2 | E72: 835.9397 | F72: 0 | G72: =F72*E72 -> 0 | H72: =F72/D72 -> 0 | J72: =I72*E72 -> 0 | K72: =I72/D72 -> 0 | L72: =F72+I72 -> 0 | M72: =G72+J72 -> 0 | N72: =H72+K72 -> 0
A73: 3.3.10 | B73: Lábios poliméricos em junta de pavimento de concreto - L = 20 mm e H = 30 mm - confecção e assentamento | C73: m | D73: 90.4 | E73: 28.2827 | F73: 0 | G73: =F73*E73 -> 0 | H73: =F73/D73 -> 0 | J73: =I73*E73 -> 0 | K73: =I73/D73 -> 0 | L73: =F73+I73 -> 0 | M73: =G73+J73 -> 0 | N73: =H73+K73 -> 0
A74: 3.3.11 | B74: Dreno de PVC D = 100 mm | C74: und | D74: 36 | E74: 58.580964 | F74: 0 | G74: =F74*E74 -> 0 | H74: =F74/D74 -> 0 | J74: =I74*E74 -> 0 | K74: =I74/D74 -> 0 | L74: =F74+I74 -> 0 | M74: =G74+J74 -> 0 | N74: =H74+K74 -> 0
A75: 3.3.12 | B75: Guarda-corpo com vidro laminado | C75: m | D75: 142 | E75: 3811.3735 | F75: 0 | G75: =F75*E75 -> 0 | H75: =F75/D75 -> 0 | J75: =I75*E75 -> 0 | K75: =I75/D75 -> 0 | L75: =F75+I75 -> 0 | M75: =G75+J75 -> 0 | N75: =H75+K75 -> 0
A76: 3.3.13 | B76: Execução do arcos centrais da ponte | C76: und | D76: 2 | E76: 434600.66 | F76: 0 | G76: =F76*E76 -> 0 | H76: =F76/D76 -> 0 | I76: 0.5 | J76: =I76*E76 -> 217300.33 | K76: =I76/D76 -> 0.25 | L76: =F76+I76 -> 0.5 | M76: =G76+J76 -> 217300.33 | N76: =H76+K76 -> 0.25
A77: 4 | B77: MESOESTRUTURA PONTE OAE | J77: =SUM(J78:J93) -> 0 | M77: =SUM(M78:M93) -> 121345.39
A78: 4.1 | B78: Andaime de madeira para altura até 7 m, compreendendo montagem e desmontagem | C78: m³ | D78: 595.5 | E78: 29.894216 | F78: 595.5 | G78: =F78*E78 -> 17802.006 | H78: =F78/D78 -> 1 | J78: =I78*E78 -> 0 | K78: =I78/D78 -> 0 | L78: =F78+I78 -> 595.5 | M78: =G78+J78 -> 17802.006 | N78: =H78+K78 -> 1
A79: 4.2 | B79: Plataforma ou passarela de pinho de 1ª ou similar, 1" x 12" | C79: m² | D79: 71.1 | E79: 3.7724011 | F79: 71.1 | G79: =F79*E79 -> 268.21772 | H79: =F79/D79 -> 1 | J79: =I79*E79 -> 0 | K79: =I79/D79 -> 0 | L79: =F79+I79 -> 71.1 | M79: =G79+J79 -> 268.21772 | N79: =H79+K79 -> 1
A80: 4.3 | B80: Dreno de PVC D = 100 mm | C80: und | D80: 88.002 | E80: 58.580964 | F80: 40 | G80: =F80*E80 -> 2343.2386 | H80: =F80/D80 -> 0.45453512 | J80: =I80*E80 -> 0 | K80: =I80/D80 -> 0 | L80: =F80+I80 -> 40 | M80: =G80+J80 -> 2343.2386 | N80: =H80+K80 -> 0.45453512
A81: 4.4 | B81: Manta Geotêxtil não tecida com resistência longitudinal a tração 10 kN/m, fornecimento e aplicação | C81: m² | D81: 88.002 | E81: 5.2948612 | F81: 40 | G81: =F81*E81 -> 211.79445 | H81: =F81/D81 -> 0.45453512 | J81: =I81*E81 -> 0 | K81: =I81/D81 -> 0 | L81: =F81+I81 -> 40 | M81: =G81+J81 -> 211.79445 | N81: =H81+K81 -> 0.45453512
A82: 4.5 | B82: Colchão drenante de brita 2 inclusive fornecimento, espalhamento, compactação e transporte da brita | C82: m³ | D82: 11.00025 | E82: 118.2719 | F82: 5 | G82: =F82*E82 -> 591.3595 | H82: =F82/D82 -> 0.45453512 | J82: =I82*E82 -> 0 | K82: =I82/D82 -> 0 | L82: =F82+I82 -> 5 | M82: =G82+J82 -> 591.3595 | N82: =H82+K82 -> 0.45453512
A83: 4.6 | B83: Remoção cuidadosa do concreto afetado, através de escarificação (considerando esp. Escarificada de 5 cm) | C83: m² | D83: 473.526 | E83: 123.64664 | F83: 473.526 | G83: =F83*E83 -> 58549.898 | H83: =F83/D83 -> 1 | J83: =I83*E83 -> 0 | K83: =I83/D83 -> 0 | L83: =F83+I83 -> 473.526 | M83: =G83+J83 -> 58549.898 | N83: =H83+K83 -> 1
A84: 4.7 | B84: PERCUSSAO COM BATIDAS LEVES,SEM RETIRADA DO MATERIAL SOLTO Observacao: 3%-DESGASTE DE FERRAMENTAS E EPI | C84: m2 | D84: 473.526 | E84: 2.8301198 | F84: 473.526 | G84: =F84*E84 -> 1340.1353 | H84: =F84/D84 -> 1 | J84: =I84*E84 -> 0 | K84: =I84/D84 -> 0 | L84: =F84+I84 -> 473.526 | M84: =G84+J84 -> 1340.1353 | N84: =H84+K84 -> 1
A85: 4.8 | B85: Limpeza em superfície de concreto com jateamento d'água sob pressão | C85: m² | D85: 1025.973 | E85: 4.0123948 | F85: 1025.97 | G85: =F85*E85 -> 4116.5967 | H85: =F85/D85 -> 0.99999708 | J85: =I85*E85 -> 0 | K85: =I85/D85 -> 0 | L85: =F85+I85 -> 1025.97 | M85: =G85+J85 -> 4116.5967 | N85: =H85+K85 -> 0.99999708
A86: 4.9 | B86: Jateamento de chapa de aço com uso de granalhas de aço grau sa 2 1/2 | C86: m² | D86: 473.526 | E86: 9.4059864 | F86: 473.52 | G86: =F86*E86 -> 4453.9227 | H86: =F86/D86 -> 0.99998733 | J86: =I86*E86 -> 0 | K86: =I86/D86 -> 0 | L86: =F86+I86 -> 473.52 | M86: =G86+J86 -> 4453.9227 | N86: =H86+K86 -> 0.99998733
A87: 4.10 | B87: Retirada de ferragem corroída | C87: kg | D87: 47.3526 | E87: 4.3654135 | F87: 47.3526 | G87: =F87*E87 -> 206.71368 | H87: =F87/D87 -> 1 | J87: =I87*E87 -> 0 | K87: =I87/D87 -> 0 | L87: =F87+I87 -> 47.3526 | M87: =G87+J87 -> 206.71368 | N87: =H87+K87 -> 1
A88: 4.11 | B88: Aço CA-50, fornecimento, dobragem e colocação nas formas (preço médio das bitolas) | C88: kg | D88: 71.0289 | E88: 9.9747385 | F88: 71.0289 | G88: =F88*E88 -> 708.4947 | H88: =F88/D88 -> 1 | J88: =I88*E88 -> 0 | K88: =I88/D88 -> 0 | L88: =F88+I88 -> 71.0289 | M88: =G88+J88 -> 708.4947 | N88: =H88+K88 -> 1
A89: 4.12 | B89: Furação e fixação de barras de aço | C89: Und | D89: 14.20578 | E89: 29.954215 | F89: 14.20578 | G89: =F89*E89 -> 425.52298 | H89: =F89/D89 -> 1 | J89: =I89*E89 -> 0 | K89: =I89/D89 -> 0 | L89: =F89+I89 -> 14.20578 | M89: =G89+J89 -> 425.52298 | N89: =H89+K89 -> 1
... A93: 4.16 | B93: Pintura a cal em pontes (2 demãos) | C93: m² | D93: 3156.84 | E93: 4.2073897 | F93: 0 | G93: =F93*E93 -> 0 | H93: =F93/D93 -> 0 | J93: =I93*E93 -> 0 | K93: =I93/D93 -> 0 | L93: =F93+I93 -> 0 | M93: =G93+J93 -> 0 | N93: =H93+K93 -> 0
A94: 5 | B94: MURO DE CONTENÇÃO | J94: =SUM(J95:J107) -> 0 | M94: =SUM(M95:M107) -> 14294.733
A95: 5.1 | B95: Tubo dreno, corrugado, espiralado, flexível, perfurado, em polietileno de alta densidade (pead), dn 160 mm | C95: m | D95: 7 | E95: 22.468747 | F95: 3.5 | G95: =F95*E95 -> 78.640613 | H95: =F95/D95 -> 0.5 | J95: =I95*E95 -> 0 | K95: =I95/D95 -> 0 | L95: =F95+I95 -> 3.5 | M95: =G95+J95 -> 78.640613 | N95: =H95+K95 -> 0.5
A96: 5.2 | B96: Manta Geotêxtil não tecida com resistência longitudinal a tração 10 kN/m, fornecimento e aplicação | C96: m² | D96: 12 | E96: 5.2948612 | F96: 6 | G96: =F96*E96 -> 31.769167 | H96: =F96/D96 -> 0.5 | J96: =I96*E96 -> 0 | K96: =I96/D96 -> 0 | L96: =F96+I96 -> 6 | M96: =G96+J96 -> 31.769167 | N96: =H96+K96 -> 0.5
A97: 5.3 | B97: Dreno de PVC D = 50 mm | C97: m | D97: 7.2 | E97: 29.166735 | F97: 3.6 | G97: =F97*E97 -> 105.00025 | H97: =F97/D97 -> 0.5 | J97: =I97*E97 -> 0 | K97: =I97/D97 -> 0 | L97: =F97+I97 -> 3.6 | M97: =G97+J97 -> 105.00025 | N97: =H97+K97 -> 0.5
A98: 5.4 | B98: Colchão drenante de brita 2 inclusive fornecimento, espalhamento, compactação e transporte da brita | C98: m³ | D98: 2.1 | E98: 118.2719 | F98: 1.37 | G98: =F98*E98 -> 162.0325 | H98: =F98/D98 -> 0.65238095 | J98: =I98*E98 -> 0 | K98: =I98/D98 -> 0 | L98: =F98+I98 -> 1.37 | M98: =G98+J98 -> 162.0325 | N98: =H98+K98 -> 0.65238095
A99: 5.5 | B99: Escavação, carga e transporte de material de 1º categoria | C99: m³ | D99: 147 | E99: 13.454647 | F99: 73.94 | G99: =F99*E99 -> 994.83662 | H99: =F99/D99 -> 0.5029932 | J99: =I99*E99 -> 0 | K99: =I99/D99 -> 0 | L99: =F99+I99 -> 73.94 | M99: =G99+J99 -> 994.83662 | N99: =H99+K99 -> 0.5029932
A100: 5.6 | B100: Reaterro de valas, exclusive compactação | C100: m³ | D100: 147 | E100: 6.5943641 | F100: 62.72 | G100: =F100*E100 -> 413.59852 | H100: =F100/D100 -> 0.42666667 | J100: =I100*E100 -> 0 | K100: =I100/D100 -> 0 | L100: =F100+I100 -> 62.72 | M100: =G100+J100 -> 413.59852 | N100: =H100+K100 -> 0.42666667
A101: 5.7 | B101: Compactação de aterros 100% PN | C101: m³ | D101: 147 | E101: 5.9998427 | F101: 62.72 | G101: =F101*E101 -> 376.31013 | H101: =F101/D101 -> 0.42666667 | J101: =I101*E101 -> 0 | K101: =I101/D101 -> 0 | L101: =F101+I101 -> 62.72 | M101: =G101+J101 -> 376.31013 | N101: =H101+K101 -> 0.42666667
A102: 5.8 | B102: Fornecimento, preparo e aplicação de concreto magro com consumo mínimo de cimento de 250 kg/m3 (brita 1 e 2) - (5%de perdas já incluído no custo) | C102: m² | D102: 1.05 | E102: 623.17203 | F102: 0.54 | G102: =F102*E102 -> 336.5129 | H102: =F102/D102 -> 0.51428571 | J102: =I102*E102 -> 0 | K102: =I102/D102 -> 0 | L102: =F102+I102 -> 0.54 | M102: =G102+J102 -> 336.5129 | N102: =H102+K102 -> 0.51428571
A103: 5.9 | B103: Concreto estrutural usinado Fck=40 MPa, tudo incluído, inclusive bombeamento. | C103: m³ | D103: 20.3 | E103: 585.045 | F103: 5.9 | G103: =F103*E103 -> 3451.7655 | H103: =F103/D103 -> 0.29064039 | J103: =I103*E103 -> 0 | K103: =I103/D103 -> 0 | L103: =F103+I103 -> 5.9 | M103: =G103+J103 -> 3451.7655 | N103: =H103+K103 -> 0.29064039
A104: 5.10 | B104: Aço CA-50, fornecimento, dobragem e colocação nas formas (preço médio das bitolas) | C104: kg | D104: 359.09091 | E104: 9.9747385 | F104: 179.55 | G104: =F104*E104 -> 1790.9643 | H104: =F104/D104 -> 0.50001266 | J104: =I104*E104 -> 0 | K104: =I104/D104 -> 0 | L104: =F104+I104 -> 179.55 | M104: =G104+J104 -> 1790.9643 | N104: =H104+K104 -> 0.50001266
A105: 5.11 | B105: Fôrma de chapa compensada resinada 12mm, levando-se em conta a utilização 3 vezes (incluido o material, corte,montagem, escoramento e desfôrma) | C105: m² | D105: 111 | E105: 74.156538 | F105: 55.5 | G105: =F105*E105 -> 4115.6878 | H105: =F105/D105 -> 0.5 | J105: =I105*E105 -> 0 | K105: =I105/D105 -> 0 | L105: =F105+I105 -> 55.5 | M105: =G105+J105 -> 4115.6878 | N105: =H105+K105 -> 0.5
A106: 5.12 | B106: Pintura impermeabilizante com igolflex ou equivalente a 3 demãos | C106: m² | D106: 114.5 | E106: 41.813633 | F106: 57.25 | G106: =F106*E106 -> 2393.8305 | H106: =F106/D106 -> 0.5 | J106: =I106*E106 -> 0 | K106: =I106/D106 -> 0 | L106: =F106+I106 -> 57.25 | M106: =G106+J106 -> 2393.8305 | N106: =H106+K106 -> 0.5
A107: 5.13 | B107: Lona plástica preta para isolamento de concretagem sobre solo, fornecimento e colocação | C107: m² | D107: 21 | E107: 4.1698907 | F107: 10.5 | G107: =F107*E107 -> 43.783852 | H107: =F107/D107 -> 0.5 | J107: =I107*E107 -> 0 | K107: =I107/D107 -> 0 | L107: =F107+I107 -> 10.5 | M107: =G107+J107 -> 43.783852 | N107: =H107+K107 -> 0.5
A108: 6 | B108: SINALIZAÇÃO | J108: =SUM(J110:J118) -> 0 | M108: =SUM(M110:M118) -> 29076.678
A109: 6.1 | B109: SINALIZAÇÃO PROVISÓRIA
A110: 6.1.1 | B110: Elementos de madeira para sinalização - cavaletes | C110: und | D110: 6 | E110: 42.448887 | F110: 6 | G110: =F110*E110 -> 254.69332 | H110: =F110/D110 -> 1 | J110: =I110*E110 -> 0 | K110: =I110/D110 -> 0 | L110: =F110+I110 -> 6 | M110: =G110+J110 -> 254.69332 | N110: =H110+K110 -> 1
A111: 6.1.2 | B111: Sinalização vertical com chapa em esmalte sintético | C111: m² | D111: 32 | E111: 589.11705 | F111: 32 | G111: =F111*E111 -> 18851.746 | H111: =F111/D111 -> 1 | J111: =I111*E111 -> 0 | K111: =I111/D111 -> 0 | L111: =F111+I111 -> 32 | M111: =G111+J111 -> 18851.746 | N111: =H111+K111 -> 1
A112: 6.1.3 | B112: Tela de proteção de segurança de PVC cor laranja com suporte para sinalização de obras | C112: m | D112: 200 | E112: 22.821902 | F112: 200 | G112: =F112*E112 -> 4564.3803 | H112: =F112/D112 -> 1 | J112: =I112*E112 -> 0 | K112: =I112/D112 -> 0 | L112: =F112+I112 -> 200 | M112: =G112+J112 -> 4564.3803 | N112: =H112+K112 -> 1
A113: 6.1.4 | B113: Sinalização noturna ( fio com lâmpada e balde ), fornecimento e instalação | C113: m | D113: 200 | E113: 27.029291 | F113: 200 | G113: =F113*E113 -> 5405.8583 | H113: =F113/D113 -> 1 | J113: =I113*E113 -> 0 | K113: =I113/D113 -> 0 | L113: =F113+I113 -> 200 | M113: =G113+J113 -> 5405.8583 | N113: =H113+K113 -> 1
A114: 6.2 | B114: SINALIZAÇÃO DEFINITIVA
...

Sheet MEMO CALCULO 07
B2: PREFEITURA MUNICIPAL DE SÃO ROQUE DO CANAÃ
B8: MEMÓRIA DE CÁLCULO 7ª MEDIÇÃO
B9: OBRA:CONSTRUÇÃO, REFORMA, MELHORIA, ADEQUAÇÃO E AMPLIAÇÃO DA PONTE SOBRE O RIO SANTA MARIA DO DOCE COM CABEÇAS E TABULEIRO EM CONCRETO ARMADO, CORTADA PELA VIA ES-080 | D9: DATA: 08/07/2025
B10: LOCAL: DISTRITO SEDE - SÃO ROQUE DO CANAÃ
B11: ITEM | C11: DESCRIÇÃO | D11: UND | E11: QUANT.
B12: 2 | C12: =VLOOKUP(B12,'MEDIÇÃO 7'!$A$20:$C$121,2,0) -> CANTEIRO DE OBRA
B13: 2.3 | C13: =VLOOKUP(B13,'MEDIÇÃO 7'!$A$20:$C$121,2,0) -> Aluguel de container p/ escritório c/ ar condicionado e banheiro, isolam.térmico e acústico, 2 luminárias, janela de vidro, tomada p/ comput. e telef. | D13: =VLOOKUP(B13,'MEDIÇÃO 7'!$A$20:$C$97,3,0) -> Mes | E13: =SUM(D14) -> 1
B14: 1,00 mês | D14: =VLOOKUP($B13,'MEDIÇÃO 7'!$A$20:$J$121,9,0) -> 1
B15: 2.4 | C15: =VLOOKUP(B15,'MEDIÇÃO 7'!$A$20:$C$121,2,0) -> Aluguel de container para almoxarifado | D15: =VLOOKUP(B15,'MEDIÇÃO 7'!$A$20:$C$97,3,0) -> Mes | E15: =SUM(D16) -> 2
B16: 2,00 unidades por meses | D16: =VLOOKUP($B15,'MEDIÇÃO 7'!$A$20:$J$121,9,0) -> 2
B17: 2.5 | C17: =VLOOKUP(B17,'MEDIÇÃO 7'!$A$20:$C$121,2,0) -> Aluguel de container tipo refeitório (2 unidades acopladas), c/ 2 aparelhos de ar condicionado, 4 lumináriase 4 janelas de vidro | D17: =VLOOKUP(B17,'MEDIÇÃO 7'!$A$20:$C$97,3,0) -> Mes | E17: =SUM(D18) -> 1
B18: 1,00 mês | D18: =VLOOKUP($B17,'MEDIÇÃO 7'!$A$20:$J$121,9,0) -> 1
B19: 2.6 | C19: =VLOOKUP(B19,'MEDIÇÃO 7'!$A$20:$C$121,2,0) -> Aluguel de container tipo vestiário, 2 luminárias, piso especial e janela | D19: =VLOOKUP(B19,'MEDIÇÃO 7'!$A$20:$C$97,3,0) -> Mes | E19: =SUM(D20) -> 1
B20: 1,00 mês | D20: =VLOOKUP($B19,'MEDIÇÃO 7'!$A$20:$J$121,9,0) -> 1
B21: 2.7 | C21: =VLOOKUP(B21,'MEDIÇÃO 7'!$A$20:$C$121,2,0) -> Aluguel de container tipo sanitário com 3 vasos sanitários, lavatório, mictório, 5 chuveiros, 2 venezianas e piso especial | D21: =VLOOKUP(B21,'MEDIÇÃO 7'!$A$20:$C$97,3,0) -> Mes | E21: =SUM(D22) -> 1
B22: 1,00 mês | D22: =VLOOKUP($B21,'MEDIÇÃO 7'!$A$20:$J$121,9,0) -> 1
B24: 3 | C24: =VLOOKUP(B24,'MEDIÇÃO 7'!$A$20:$C$121,2,0) -> SUPERESTRUTURA PONTE OAE
B25: 3.2 | C25: =VLOOKUP(B25,'MEDIÇÃO 7'!$A$20:$C$121,2,0) -> RETIRADA DO ASFALTO E SOLO/INSERÇÃO DOS PERFIS E TAMPONAMENTO COM PÓ DE BRITA
B26: 3.2.1 | C26: =VLOOKUP(B26,'MEDIÇÃO 7'!$A$20:$C$121,2,0) -> Remoção manual de revestimento asfáltico | D26: =VLOOKUP(B26,'MEDIÇÃO 7'!$A$20:$C$97,3,0) -> m³ | E26: =SUM(D27) -> 10
B27: 10,00 m³ | D27: =VLOOKUP($B26,'MEDIÇÃO 7'!$A$20:$J$121,9,0) -> 10
B28: 3.2.2 | C28: =VLOOKUP(B28,'MEDIÇÃO 7'!$A$20:$C$121,2,0) -> Escavação, carga e transporte de material de 1º categoria | D28: =VLOOKUP(B28,'MEDIÇÃO 7'!$A$20:$C$97,3,0) -> m³ | E28: =SUM(D29) -> 250
B29: 250,00 m³ | D29: =VLOOKUP($B28,'MEDIÇÃO 7'!$A$20:$J$121,9,0) -> 250
B30: 3.2.3 | C30: =VLOOKUP(B30,'MEDIÇÃO 7'!$A$20:$C$121,2,0) -> Viga metálica em perfil laminado ou soldado em aço estrutural, com conexões parafusadas, inclusos mão de obra, transporte e içamento utilizando guindaste - fornecimento e instalação | D30: =VLOOKUP(B30,'MEDIÇÃO 7'!$A$20:$C$97,3,0) -> kg | E30: =SUM(D31) -> 2500
B31: 2.500,00 m³ | D31: =VLOOKUP($B30,'MEDIÇÃO 7'!$A$20:$J$121,9,0) -> 2500
B32: 3.2.4 | C32: =VLOOKUP(B32,'MEDIÇÃO 7'!$A$20:$C$121,2,0) -> Solda com maçarico oxiacetileno de chapas de aço de 12,5 mm | D32: =VLOOKUP(B32,'MEDIÇÃO 7'!$A$20:$C$97,3,0) -> m | E32: =SUM(D33) -> 60
B33: 60,00 m | D33: =VLOOKUP($B32,'MEDIÇÃO 7'!$A$20:$J$121,9,0) -> 60
B34: 3.2.5 | C34: =VLOOKUP(B34,'MEDIÇÃO 7'!$A$20:$C$121,2,0) -> Chumbador de expansão controlada por torque para concreto D = 20 mm - fornecimento e instalação | D34: =VLOOKUP(B34,'MEDIÇÃO 7'!$A$20:$C$97,3,0) -> und | E34: =SUM(D35) -> 180
B35: 180,00 unidades | D35: =VLOOKUP($B34,'MEDIÇÃO 7'!$A$20:$J$121,9,0) -> 180
B36: 3.2.6 | C36: =VLOOKUP(B36,'MEDIÇÃO 7'!$A$20:$C$121,2,0) -> Fornecimento e aplicação de adesivo estrutural à base de resina epóxi | D36: =VLOOKUP(B36,'MEDIÇÃO 7'!$A$20:$C$97,3,0) -> kg | E36: =SUM(D37) -> 15
B37: 15,00 kg | D37: =VLOOKUP($B36,'MEDIÇÃO 7'!$A$20:$J$121,9,0) -> 15
B38: 3.2.7 | C38: =VLOOKUP(B38,'MEDIÇÃO 7'!$A$20:$C$121,2,0) -> Pó de pedra inclusive fornecimento, espalhamento e transporte | D38: =VLOOKUP(B38,'MEDIÇÃO 7'!$A$20:$C$97,3,0) -> m³ | E38: =SUM(D39) -> 25
B39: 25,00 m³ | D39: =VLOOKUP($B38,'MEDIÇÃO 7'!$A$20:$J$121,9,0) -> 25
B40: 3.2.8 | C40: =VLOOKUP(B40,'MEDIÇÃO 7'!$A$20:$C$121,2,0) -> Mobilização e desmobilização de caminhão basculante (máximo) | D40: =VLOOKUP(B40,'MEDIÇÃO 7'!$A$20:$C$97,3,0) -> h | E40: =SUM(D41) -> 30
B41: 30,00 horas | D41: =VLOOKUP($B40,'MEDIÇÃO 7'!$A$20:$J$121,9,0) -> 30
B42: 3.3 | C42: =VLOOKUP(B42,'MEDIÇÃO 7'!$A$20:$C$121,2,0) -> EXECUÇÃO DA NOVA SUPERESTRUTURA
B43: 3.3.13 | C43: =VLOOKUP(B43,'MEDIÇÃO 7'!$A$20:$C$121,2,0) -> Execução do arcos centrais da ponte | D43: =VLOOKUP(B43,'MEDIÇÃO 7'!$A$20:$C$97,3,0) -> und | E43: =SUM(D44) -> 0.5
B44: 0,50 unidades | D44: =VLOOKUP($B43,'MEDIÇÃO 7'!$A$20:$J$121,9,0) -> 0.5
B46: 7 | C46: =VLOOKUP(B46,'MEDIÇÃO 7'!$A$20:$C$121,2,0) -> ADMINISTRAÇÃO LOCAL
B47: 7.1 | C47: =VLOOKUP(B47,'MEDIÇÃO 7'!$A$20:$C$121,2,0) -> Administração local, inclusive vigilância | D47: =VLOOKUP(B47,'MEDIÇÃO 7'!$A$20:$C$120,3,0) -> UND | E47: =SUM(D48) -> 0.081594538
B48: Valor da 7ª medição sem adm Local/ (Valor do contrato-adm local) =0,081594538 | D48: =VLOOKUP($B47,'MEDIÇÃO 7'!$A$20:$J$121,9,0) -> 0.081594538
C53: ______________________________________________________________________
C54: PEDRO JAYME LANI JUNIOR
C55: Assessor de Assuntos de Gestão
C56: Engenheiro Civil
C57: CREA ES 20109/D
C58: Fiscal da Obra
